 Dungeon Crawl Stone Soup version 0.30-a0-782-ge64f9170bb (webtiles) character file.

Game seed: 13773108732205181235

2 Leeroy the Slasher (level 1, -6/11 HPs)
             Began as a Vine Stalker Monk on Mar 7, 2023.
             Mangled by a gnoll
             ... wielding a +0 spear
              (8 damage)
             ... on level 1 of the Dungeon.
             The game lasted 00:00:42 (181 turns).

Leeroy the Slasher (Vine Stalker Monk)               Turns: 181, Time: 00:00:43

Health: -6/11      AC:  2    Str: 13    XL:     1   Next: 40%
Magic:  0/2        EV: 12    Int: 10    God:
Gold:   27         SH:  0    Dex: 16    Spells: 0/0 levels left

rFire   . . .      SeeInvis .    a - +0 falchion
rCold   . . .      Faith    .    (no shield)
rNeg    . . .      Spirit   +    b - +0 robe
rPois   .          Reflect  .    (no helmet)
rElec   .          Harm     .    (no cloak)
rCorr   .          Rampage  .    (no gloves)
Will    .....                    (no boots)
Stlth   ++                       (no amulet)
HPRegen 0.21/turn                (no ring)
MPRegen 0.08/turn                (no ring)

@: no status effects
A: fangs 2, magic shield, antimagic bite, no potion heal 2
a: no special abilities


You were on level 1 of the Dungeon.
You visited 1 branch of the dungeon, and saw 1 of its levels.

You collected 27 gold pieces.

Inventory:

Hand Weapons
 a - a +0 falchion (weapon)
Armour
 b - a +0 robe (worn)
Scrolls
 f - a scroll of torment {unknown}
 h - a scroll of poison {unknown}
Potions
 c - a potion of ambrosia
 d - a potion of experience {unknown}
 e - a potion of might {unknown}
 g - a potion of berserk rage {unknown}


   Skills:
 - Level 2.6 Fighting
 + Level 2.9 Long Blades
 - Level 2.4 Dodging
 - Level 2.4 Stealth


You couldn't memorise any spells.
You didn't know any spells.
Your spell library was empty.

Dungeon Overview and Level Annotations

Branches:
Dungeon (1/15)

Altars:


Innate Abilities, Weirdness & Mutations

You have extremely sharp teeth.
When hurt, damage is shared between your health and your magic reserves.
Your bite disrupts and absorbs the magic of your enemies.
Potions cannot restore your health.


Message History

The frilled lizard barely misses you.
You closely miss the frilled lizard. The frilled lizard bites you.
You miss the frilled lizard. Your bite misses the frilled lizard.
The frilled lizard bites you.
You hit the frilled lizard. Your bite misses the frilled lizard.
The frilled lizard is heavily wounded.
The frilled lizard bites you but does no damage.
A frilled lizard is nearby!
A frilled lizard is nearby!
You miss the frilled lizard.
The frilled lizard is heavily wounded.
The frilled lizard completely misses you.
You closely miss the frilled lizard.
The frilled lizard is heavily wounded.
The frilled lizard bites you.
You completely miss the frilled lizard.
The frilled lizard is heavily wounded.
The frilled lizard barely misses you. The frilled lizard bites you.
* * * LOW HITPOINT WARNING * * *
You slash the frilled lizard!
You kill the frilled lizard!
Magic restored.
You now have 27 gold pieces (gained 11).
Found a robe.
h - a scroll labelled IMEILA PEERUV A gnoll comes into view.
It is wielding a +0 spear.
A gnoll is nearby!
The gnoll shouts!
The gnoll hits you with a +0 spear!
Ouch! That really hurt!
* * * LOW HITPOINT WARNING * * *
You are too injured to fight recklessly!
You are too injured to fight recklessly!
You are too injured to fight recklessly!
You are too injured to fight recklessly!
You are too injured to fight recklessly!
You hit the gnoll but do no damage. Your bite misses the gnoll.
The gnoll hits you with a +0 spear!
Ouch! That really hurt!
You die...

##....#...#
###.###..#
#..#..##
##....######
###........
#..##....
#........
####..##.###
#...@.......
#.##g.##.###
# #...# #
......
#......
##.##### .#
.#


You could see a gnoll.

Vanquished Creatures
  A ball python (D:1)
  2 frilled lizards (D:1)
  A kobold (D:1)
4 creatures vanquished.

Notes
Turn   | Place    | Note
-------+----------+-------------------------------------------
     0 | D:1      | Leeroy the Vine Stalker Monk began the quest for the Orb.
     0 | D:1      | Reached XP level 1. HP: 11/11 MP: 2/2
   181 | D:1      | Mangled by a gnoll

Illustrated notes

Levels and vault maps discovered:
D:1:      mushboom_english_gardens, layout_loops_corners, serial_shops,
          nicolae_shop_window_shopping, chequers_ecumenical_altar_twisty,
          minmay_shallow_snake_nest

Action                     || total
---------------------------++-------
  Melee: Falchion          ||    15
         Bite              ||     1
 Armour: Robe              ||     2
  Dodge: Dodged            ||     7

Table legend: (Time is in decaauts)
 A = Elapsed time spent in this place.
 B = Non-inter-level travel time spent in this place.
 C = Inter-level travel time spent in this place.
 D = Time resting spent in this place.
 E = Time spent auto-exploring this place.
 F = Levels seen in this place.
 G = Mean time per level.
                   A        B        C        D        E       F      G
               +--------+--------+--------+--------+--------+-----+--------+
         Total |    183 |    183 |      0 |      0 |    142 |   1 |  183.0 |
       Dungeon |    183 |    183 |      0 |      0 |    142 |   1 |  183.0 |
               +--------+--------+--------+--------+--------+-----+--------+

Top non-repeatable levels by time:
     D:1: 183 daAuts
